 Dungeon Crawl Stone Soup version 0.20.1-1-g8b1a95d (webtiles) character file.

235 letownia2 the Grave Robber (level 5, -3/44 HPs)
             Began as a Deep Dwarf Necromancer on Nov 28, 2017.
             Slain by a worker ant (5 damage)
             ... on level 5 of the Dungeon.
             The game lasted 00:03:57 (896 turns).

letownia2 the Grave Robber (Deep Dwarf Necromancer)  Turns: 896, Time: 00:03:57

Health: -3/44      AC:  5    Str: 12    XL:     5   Next: 76%
Magic:  0/8        EV: 11    Int: 16    God:
Gold:   82         SH:  0    Dex: 13    Spells: 5/9 levels left

rFire    . . .     SeeInvis +   (no weapon)
rCold    . . .     Gourm    .   (no shield)
rNeg     . . .     Faith    .   v - +0 ring mail
rPois    .         Spirit   .   (no helmet)
rElec    .         Reflect  .   (no cloak)
rCorr    .         Harm     .   (no gloves)
MR       .....                  (no boots)
Stlth    +.........             (no amulet)
Regen    0.0/turn               k - ring of see invisible
MPRegen  0.2/turn               (no ring)

@: non-regenerating
A: damage resistance, heal wounds, sense surroundings 1, no regeneration
a: Heal Wounds


You were on level 5 of the Dungeon.
You were hungry.

You visited 1 branch of the dungeon, and saw 5 of its levels.

You collected 82 gold pieces.

Inventory:

Hand Weapons
 j - a +2 hunting sling of freezing
Missiles
 h - 4 javelins (quivered)
 n - a throwing net
Armour
 a - a +0 robe
 v - a +0 ring mail (worn)
Jewellery
 d - a +5 amulet of reflection {unknown}
 k - a ring of see invisible (left hand)
 w - an uncursed ring of resist corrosion {unknown}
Wands
 o - a wand of acid (4/15)
Scrolls
 f - a scroll of recharging {unknown}
 i - a scroll of immolation {unknown}
 l - a scroll of magic mapping {unknown}
 m - a scroll of fear {unknown}
 p - a scroll of enchant armour {unknown}
 t - a scroll of remove curse {unknown}
 u - 3 scrolls of amnesia {unknown}
Potions
 e - a potion of heal wounds {unknown}
 g - a potion of brilliance {unknown}
 r - a potion of resistance {unknown}
 s - a potion of curing {unknown}
Books
 b - a book of Necromancy

   Spells                             Type                      Level
   a - Pain                           Necromancy                   1
   b - Animate Skeleton               Necromancy                   1
   c - Vampiric Draining              Necromancy                   3
   d - Regeneration                   Charms/Necromancy            3
   e - Animate Dead                   Necromancy                   4
   f - Control Undead                 Necromancy                   4
Comestibles
 c - 2 bread rations
 q - 5 chunks of flesh


   Skills:
 + Level 1.3 Fighting
 - Level 2.1 Dodging
 - Level 2.4 Stealth
 + Level 2.5 Spellcasting
 - Level 7.0 Necromancy


You had 5 spell levels left.
You knew the following spells:

 Your Spells              Type           Power        Failure   Level  Hunger
a - Pain                  Necr           ###.         2%          1    #......
v - Vampiric Draining     Necr           ###.......   8%          3    ###....


Dungeon Overview and Level Annotations

Branches:
Dungeon (5/15)
 Temple: D:4-7

Altars:
Dithmenos
Xom

Annotations:
D:2 Robin


Innate Abilities, Weirdness & Mutations

You are resistant to damage.
You can heal yourself by infusing magical energy.
You passively map a small area around you.
You do not regenerate.


Message History

Unknown command.
Throwing (i - inventory. (,) - cycle):
h - 6 javelins (quivered)
Press: ? - help, Shift-Dir - straight line, f/p - worker ant
Aim: a worker ant (severely wounded)
You throw a javelin.
The javelin hits the worker ant but does no damage.
The worker ant is severely wounded.
The worker ant bites you.
* * * LOW HITPOINT WARNING * * *
The worker ant bites you.
* * * LOW HITPOINT WARNING * * *
Unknown command.
Unknown command.
Throwing (i - inventory. (,) - cycle):
h - 5 javelins (quivered)
Press: ? - help, Shift-Dir - straight line, f/p - worker ant
Aim: a worker ant (severely wounded)
You throw a javelin. The javelin hits the worker ant.
The worker ant is almost dead.
The worker ant bites you.
You die...

* * #o.#
#..#
#####..#
* *
.og....#
*
#####.##
,
#####.#
,
......#
#
#######
#.####.#
#..a@..#
########


You could see a worker ant.

Vanquished Creatures
  Menkaure (D:5)
  A gnoll sergeant (D:5)
  A hound (D:4)
  A worker ant (D:4)
  A gnoll (D:4)
  An adder (D:2)
  A ball python (D:3)
  3 hobgoblins
  A jackal (D:3)
  A kobold (D:3)
  A frilled lizard (D:4)
13 creatures vanquished.

Notes
Turn   | Place    | Note
-------+----------+-------------------------------------------
     0 | D:1      | letownia2 the Deep Dwarf Necromancer began the quest for the Orb.
     0 | D:1      | Reached XP level 1. HP: 15/15 MP: 3/3
    87 | D:2      | Noticed Robin
   266 | D:2      | Found a shimmering altar of Xom.
   314 | D:2      | Reached XP level 2. HP: 22/22 MP: 1/5
   481 | D:2      | Found a shadowy altar of Dithmenos.
   566 | D:3      | You fall through a shaft for 2 floors!
   566 | D:5      | Entered Level 5 of the Dungeon
   572 | D:5      | Noticed a gnoll sergeant
   581 | D:5      | Noticed Menkaure
   587 | D:5      | Killed a gnoll sergeant
   587 | D:5      | Reached skill level 5 in Necromancy
   587 | D:5      | Reached XP level 3. HP: 12/28 MP: 6/6
   587 | D:5      | Killed Menkaure
   587 | D:5      | Reached skill level 7 in Necromancy
   587 | D:5      | Reached XP level 4. HP: 16/36 MP: 7/7
   587 | D:5      | Reached XP level 5. HP: 19/42 MP: 8/8
   637 | D:5      | Noticed a centaur
   689 | D:4      | Learned a level 3 spell: Vampiric Draining
   713 | D:4      | Reached skill level 1 in Fighting
   863 | D:4      | Noticed an ogre
   868 | D:4      | Noticed a phantom
   895 | D:5      | HP: 2/44 [worker ant (3)]
   896 | D:5      | Slain by a worker ant

Skill      XL: |  1  2  3  4  5 |
---------------+----------------+-----
Spellcasting   | 2 |  2.5
Necromancy     | 5 7 |  7.0
Fighting       | 1 |  1.3
Dodging        | |  2.1
Stealth        | |  2.4

Action                   |  1- 3 |  4- 6 || total
-------------------------+-------+-------++-------
Throw: Javelin           |     2 |     2 ||     4
 Cast: Pain              |    13 |     5 ||    18
       Vampiric Draining |       |     7 ||     7
Evoke: Wand              |     1 |     1 ||     2
  Use: Scroll            |     1 |       ||     1
Armor: Ring mail         |       |     4 ||     4
Dodge: Dodged            |     1 |    12 ||    13
